 Dungeon Crawl Stone Soup version 0.32-a0-898-g7811c86cf0 (webtiles) character file.

Game seed: 107730899624692722

1 Esekla the Ducker (level 1, 14/16 HPs)
             Began as a Demonspawn Wanderer on Apr 4, 2024.
             Got out of the dungeon alive.
             The game lasted 00:00:25 (29 turns).

Esekla the Ducker (Demonspawn Wanderer)               Turns: 29, Time: 00:00:25

Health: 14/16      AC:  5    Str:  9    XL:     1   Next: 16%
Magic:  1/1        EV: 12    Int: 10    God:
Gold:   0          SH:  0    Dex: 17    Spells: 0/0 levels left

rFire   . . .        a - +0 quarterstaff
rCold   . . .        (shield currently unavailable)
rNeg    . . .        b - +2 leather armour
rPois   .            (no helmet)
rElec   .            (no cloak)
rCorr   .            (no gloves)
SInv    .            (no boots)
Will    .....        (no amulet)
Stlth   +            (no ring)
HPRegen 0.22/turn    (no ring)
MPRegen 0.07/turn

%: no passive effects
@: no status effects
A: no striking features
a: no special abilities


You escaped.
You visited 1 branch of the dungeon, and saw 1 of its levels.

Inventory:

Hand Weapons
 a - a +0 quarterstaff (weapon)
Armour
 b - a +2 leather armour (worn)
Scrolls
 c - a scroll of silence
Potions
 d - a potion of berserk rage


   Skills:
 + Level 2.0 Fighting
 + Level 1.1 Staves
 + Level 4.5 Dodging
 + Level 2.0 Evocations


You couldn't memorise any spells.
You didn't know any spells.
Your spell library was empty.

Dungeon Overview and Level Annotations

Branches:
Dungeon (1/15)

Altars:


Message History

Welcome, Esekla the Demonspawn Wanderer.
Below lies the Orb of Zot, rumoured to be powerful enough to resurrect a god...
Press ? for a list of commands and other information.
Found 5 stones.
Found a staircase leading out of the dungeon.
You begin with the following items: a +0 quarterstaff, a +2 leather armour, a scroll of silence, a potion of berserk rage.
You open the door.
There is an open door here.
A hobgoblin comes into view.
The hobgoblin shouts!
There is an open door here.
Your library has no spells.
There is a fountain of clear blue water here.
There is a staircase leading out of the dungeon here.
Okay, then.
You hit the hobgoblin.
The hobgoblin is moderately wounded.
The hobgoblin closely misses you.
You closely miss the hobgoblin.
The hobgoblin is moderately wounded.
The hobgoblin hits you.
You hit the hobgoblin but do no damage.
The hobgoblin hits you but does no damage. x2
You closely miss the hobgoblin. The hobgoblin barely misses you.
You barely miss the hobgoblin.
The hobgoblin hits you but does no damage.
You hit the hobgoblin.
The hobgoblin is almost dead.
The hobgoblin barely misses you.
You hit the hobgoblin.
You kill the hobgoblin!
You see here a hobgoblin corpse.
There is a staircase leading out of the dungeon here.
You have escaped!

..... .. ..... ...
..... .. ...# .#
ß.##.####+#
########..........
#..@†.#ß..........
#.....##..........
+.(⌠..'...........
#.....##..........
#.....#ß.##+####.#
###+####.# ß.#
...# ....


There were no monsters in sight!

Vanquished Creatures
  A hobgoblin (D:1)
1 creature vanquished.

Notes
Turn   | Place    | Note
-------+----------+-------------------------------------------
     0 | D:1      | Esekla the Demonspawn Wanderer began the quest for the Orb.
     0 | D:1      | Esekla set off with the following items: a +0 quarterstaff,
                  | a +2 leather armour, a scroll of silence, a potion of
                  | berserk rage.
     0 | D:1      | Reached XP level 1. HP: 16/16 MP: 1/1
    29 | D:$      | Got out of the dungeon alive.

Illustrated notes

Levels and vault maps discovered:
D:1:      minmay_arrival_statue_studded, layout_basic

Action                     || total
---------------------------++-------
  Melee: Quarterstaff      ||     7
 Armour: Leather armour    ||     4
  Dodge: Dodged            ||     3

Table legend: (Time is in decaauts)
 A = Elapsed time spent in this place.
 B = Non-inter-level travel time spent in this place.
 C = Inter-level travel time spent in this place.
 D = Time resting spent in this place.
 E = Time spent auto-exploring this place.
 F = Levels seen in this place.
 G = Mean time per level.
                   A        B        C        D        E       F      G
               +--------+--------+--------+--------+--------+-----+--------+
         Total |     30 |     30 |      0 |      0 |      0 |   1 |   30.0 |
       Dungeon |     30 |     30 |      0 |      0 |      0 |   1 |   30.0 |
               +--------+--------+--------+--------+--------+-----+--------+

Top non-repeatable levels by time:
     D:1: 30 daAuts
